 Dungeon Crawl Stone Soup version 0.24.1-14-gf8d2b509d9 (console) character file.

Game seed: 2583638200716292501, levelgen mode: deterministic

69 Kagalorn the Basher (level 4, -7/32 HPs)
             Began as a Gnoll Wanderer on Mar 2, 2021.
             Was an Initiate of Elyvilon.
             Mangled by an orc warrior
             ... wielding a +0 mace
              (19 damage)
             ... on level 2 of the Dungeon.
             The game lasted 00:04:47 (1817 turns).

Kagalorn the Basher (Gnoll Wanderer)                Turns: 1817, Time: 00:04:48

Health: -7/32      AC:  5    Str: 15    XL:     4   Next: 20%
Magic:  6/6        EV: 11    Int: 12    God:    Elyvilon [......]
Gold:   86         SH:  0    Dex: 17    Spells: 5/5 levels left

rFire    . . .     SeeInvis .   a - +0 quarterstaff
rCold    . . .     Gourm    .   (shield currently unavailable)
rNeg     . . .     Faith    .   j - +0 ring mail
rPois    .         Spirit   .   (no helmet)
rElec    .         Reflect  .   (no cloak)
rCorr    .         Harm     .   (no gloves)
MR       .....                  (no boots)
Stlth    +++.......             (no amulet)
HPRegen  0.10/turn              (no ring)
MPRegen  0.10/turn              (no ring)

@: no status effects
A: distributed training, fangs 1, strong nose
a: Renounce Religion


You were on level 2 of the Dungeon.
You worshipped Elyvilon.
Elyvilon was noncommittal.
You were hungry.

You visited 1 branch of the dungeon, and saw 2 of its levels.

You collected 86 gold pieces.

Inventory:

Hand Weapons
 a - a +0 quarterstaff (weapon)
 b - a +2 mace
Missiles
 d - 20 arrows
 l - 87 stones (quivered)
Armour
 j - a +0 ring mail (worn)
Scrolls
 e - 2 scrolls of teleportation {unknown}
 h - a scroll of fog {unknown}
 k - 2 scrolls of remove curse {unknown}
 n - 4 scrolls of identify {unknown}
 p - a scroll of acquirement {unknown}
 s - a scroll of noise {unknown}
 t - a scroll of amnesia {unknown}
 u - a scroll of blinking {unknown}
Potions
 c - a potion of curing
 g - 2 potions of mutation {unknown}
 i - 2 potions of agility {unknown}
 m - a potion of lignification {unknown}
 o - 3 potions of heal wounds {unknown}
 q - a potion of berserk rage {unknown}
 r - a potion of magic {unknown}
Comestibles
 f - 3 rations


   Skills:
 + Level 1.0 Fighting
 + Level 1.0 Short Blades
 + Level 1.0 Long Blades
 + Level 1.0 Axes
 + Level 8.5 Maces & Flails
 + Level 1.0 Polearms
 + Level 2.7 Staves
 + Level 1.0 Slings
 + Level 1.0 Bows
 + Level 1.0 Crossbows
 + Level 1.0 Throwing
 + Level 2.7 Armour
 + Level 1.0 Dodging
 + Level 6.0 Stealth
 + Level 1.0 Shields
 + Level 1.0 Unarmed Combat
 + Level 1.0 Spellcasting
 + Level 0.8 Conjurations
 + Level 0.8 Hexes
 + Level 0.8 Charms
 + Level 0.8 Summonings
 + Level 0.8 Necromancy
 + Level 0.8 Translocations
 + Level 0.8 Transmutations
 + Level 0.8 Fire Magic
 + Level 0.8 Ice Magic
 + Level 0.8 Air Magic
 + Level 0.8 Earth Magic
 + Level 0.8 Poison Magic
 + Level 1.1 Invocations
 + Level 2.7 Evocations


You had 5 spell levels left.
You didn't know any spells.
Your spell library was empty.

Dungeon Overview and Level Annotations

Branches:
Dungeon (2/15)

Altars:
Elyvilon


Innate Abilities, Weirdness & Mutations

Your experience applies equally to all skills.
You have very sharp teeth.
Your uncanny sense of smell can sniff out nearby items.


Message History

The orc warrior is moderately wounded.
The orc warrior barely misses you.
You hit the orc warrior but do no damage.
The orc warrior is moderately wounded.
The orc warrior hits you with a +0 mace!
Your ring mail prevents you from hitting the orc warrior.
The orc warrior is moderately wounded.
The orc warrior hits you with a +0 mace!
* * * LOW HITPOINT WARNING * * *
The orc hits you but does no damage.
Things that are here:
a +0 club; a hobgoblin skeleton
There is a stone staircase leading down here.
Okay, then.
Things that are here:
a +0 club; a hobgoblin skeleton All of the chunks of flesh in your inventory have rotted away.
The orc warrior hits you with a +0 mace!!
Ouch! That really hurt!
You die...

...#......#
.#####.#...####
.......[.#.#
########.#.# #.....#
######.#.###### ###
#........#....# #.o
#.####.###o##.# #.# #.#
#.@o..#<.########.# #.#
#######...).......#
#o#####....o.###########
#.#.....###### #.#.#####
#...# #####


You could see an orc warrior and an orc.

Vanquished Creatures
  2 adders (D:2)
  A worm (D:2)
  3 dart slugs (D:1)
  2 orcs (D:2)
  5 bats
  A giant cockroach (D:2)
  2 goblins (D:2)
  7 hobgoblins
  4 jackals (D:2)
  5 kobolds
  2 frilled lizards (D:1)
  5 rats (D:1)
39 creatures vanquished.

Notes
Turn   | Place    | Note
-------+----------+-------------------------------------------
     0 | D:1      | Kagalorn the Gnoll Wanderer began the quest for the Orb.
     0 | D:1      | Kagalorn set off with the following items: a +2 mace, a
                  | potion of curing, a +0 quarterstaff, a +0 robe, a +0
                  | dagger, a ration
     0 | D:1      | Reached XP level 1. HP: 13/13 MP: 2/2
   186 | D:1      | Reached XP level 2. HP: 16/19 MP: 3/3
   701 | D:1      | Reached XP level 3. HP: 21/25 MP: 4/4
  1033 | D:2      | Found a white marble altar of Elyvilon.
  1056 | D:2      | Reached skill level 1 in Invocations
  1330 | D:2      | Became a worshipper of Elyvilon the Healer
  1364 | D:2      | Reached skill level 1 in Fighting
  1364 | D:2      | Reached skill level 1 in Short Blades
  1364 | D:2      | Reached skill level 1 in Long Blades
  1364 | D:2      | Reached skill level 1 in Axes
  1364 | D:2      | Reached skill level 1 in Polearms
  1364 | D:2      | Reached skill level 1 in Slings
  1364 | D:2      | Reached skill level 1 in Bows
  1364 | D:2      | Reached skill level 1 in Crossbows
  1364 | D:2      | Reached skill level 1 in Throwing
  1364 | D:2      | Reached skill level 1 in Dodging
  1364 | D:2      | Reached skill level 1 in Shields
  1364 | D:2      | Reached skill level 1 in Unarmed Combat
  1364 | D:2      | Reached skill level 1 in Spellcasting
  1411 | D:2      | Reached XP level 4. HP: 22/32 MP: 6/6
  1543 | D:2      | Noticed an orc warrior
  1706 | D:2      | HP: 1/32 [orc warrior/+0 mace (10)]
  1817 | D:2      | Mangled by an orc warrior

Levels and vault maps discovered:
D:1:      lemuel_arrival_behind_the_door_large, layout_loops_corners,
          minivault_5
D:2:      layout_basic, chequers_jeans, elyvilon_altar_5

Skill      XL: |  1  2  3 |
---------------+----------+-----
Stealth        | 6 |  6.0
Invocations    | 1 |  1.1
Fighting       | 1 |  1.0
Short Blades   | 1 |  1.0
Long Blades    | 1 |  1.0
Axes           | 1 |  1.0
Polearms       | 1 |  1.0
Slings         | 1 |  1.0
Bows           | 1 |  1.0
Crossbows      | 1 |  1.0
Throwing       | 1 |  1.0
Dodging        | 1 |  1.0
Shields        | 1 |  1.0
Unarmed Combat | 1 |  1.0
Spellcasting   | 1 |  1.0
Maces & Flails | |  8.5
Staves         | |  2.7
Armour         | |  2.7
Conjurations   | |  0.8
Hexes          | |  0.8
Charms         | |  0.8
Summonings     | |  0.8
Necromancy     | |  0.8
Translocations | |  0.8
Transmutations | |  0.8
Fire Magic     | |  0.8
Ice Magic      | |  0.8
Air Magic      | |  0.8
Earth Magic    | |  0.8
Poison Magic   | |  0.8
Evocations     | |  2.7

Action                   |  1- 3 |  4- 6 || total
-------------------------+-------+-------++-------
Melee: Quarterstaff      |    90 |    29 ||   119
       Bite              |    14 |     4 ||    18
 Stab: Sleeping          |     8 |       ||     8
  Eat: Chunk             |     1 |     1 ||     2
Armor: Ring mail         |    33 |     8 ||    41
Dodge: Dodged            |    50 |    18 ||    68
